 Dungeon Crawl Stone Soup version 0.29.1-15-g9cfb28693d (webtiles) character file.

Game seed: 12039357027347888613

15 Barneous the Ruffian (level 2, -5/22 HPs)
             Began as a Human Wanderer on Mar 20, 2023.
             Slain by a hobgoblin
             ... wielding a +0 quarterstaff
              (7 damage)
             ... on level 1 of the Dungeon.
             The game lasted 00:02:59 (660 turns).

Barneous the Ruffian (Human Wanderer)                Turns: 660, Time: 00:03:00

Health: -5/22      AC:  3    Str: 17    XL:     2   Next: 65%
Magic:  1/3        EV: 11    Int: 11    God:
Gold:   30         SH:  0    Dex:  8    Spells: 2/3 levels left

rFire   . . .      SeeInvis .   b - +0 dagger
rCold   . . .      Faith    .   (no shield)
rNeg    . . .      Spirit   .   d - +0 leather armour
rPois   .          Reflect  .   (no helmet)
rElec   .          Harm     .   (no cloak)
rCorr   .          Rampage  .   (no gloves)
Will    .....                   (no boots)
Stlth   +.........              (no amulet)
HPRegen 0.07/turn               (no ring)
MPRegen 0.08/turn               (no ring)

@: no status effects
A: no striking features
a: no special abilities


You were on level 1 of the Dungeon.
You visited 1 branch of the dungeon, and saw 1 of its levels.

You collected 30 gold pieces.

Inventory:

Hand Weapons
 a - a +0 club
 b - a +0 dagger (weapon)
Armour
 d - a +0 leather armour (worn)
Scrolls
 e - 2 scrolls of blinking
Potions
 c - a potion of heal wounds


   Skills:
 + Level 2.2 Fighting
 + Level 0.5 Armour
 + Level 1.0 Dodging
 + Level 2.0 Stealth
 - Level 3.1 Unarmed Combat
 * Level 1.2 Spellcasting
 * Level 1.3 Conjurations
 * Level 0.4 Air Magic


You had 2 spell levels left.
You knew the following spells:

 Your Spells              Type           Power      Damage    Failure   Level
a - Shock                 Conj/Air       8%         1d3       26%         1

Your spell library contained the following spells:

 Spells                   Type           Power      Damage    Failure   Level
 Dazzling Flash           Conj/Hex       4%         N/A       65%         3


Dungeon Overview and Level Annotations

Branches:
Dungeon (1/15)

Altars:


Message History

Aiming: Shock (safe; 26% risk of failure)
Press: ? - help, Q - select action Shift-Dir - straight line, f/p - endoplasm
Aim: an endoplasm (lightly wounded, 97% to hit)
The zap hits the endoplasm.
The endoplasm is heavily wounded.
The endoplasm freezes you.
You are frozen.
You hit the endoplasm but do no damage.
The endoplasm is heavily wounded.
The endoplasm misses you.
A hobgoblin comes into view. It is wielding a +0 quarterstaff.
The hobgoblin shouts!
You hit the endoplasm but do no damage.
The endoplasm is heavily wounded.
The endoplasm hits you but does no damage.
You hit the endoplasm but do no damage.
The endoplasm is heavily wounded.
The endoplasm hits you.
The rat twitches its whiskers.
Your magical contamination has completely faded away.
You hit the endoplasm.
The endoplasm is severely wounded.
The endoplasm freezes you.
You are frozen.
You hit the endoplasm but do no damage.
The endoplasm is severely wounded.
The endoplasm hits you but does no damage.
A hobgoblin comes into view.
The hobgoblin shouts!
You hit the endoplasm.
You kill the endoplasm!
The hobgoblin closely misses you.
The hobgoblin hits you with a +0 quarterstaff!
* * * LOW HITPOINT WARNING * * *
You hit the rat but do no damage. The hobgoblin closely misses you.
The rat bites you but does no damage.
You closely miss the rat. You punch the rat.
You kill the rat!
The hobgoblin hits you with a +0 quarterstaff!
You die...

###################
......$...........#
.......@.......##.#
.......†g...#..##.#
..........##..###.#
....g....#.#..# #.#
#......##.#...# #.#
.#....#
#....###.######
#.#..#
#..............
.##..
......##)######
.......##.#


You could see 2 hobgoblins.

Vanquished Creatures
  An endoplasm (D:1)
  2 goblins (D:1)
  2 hobgoblins (D:1)
  A kobold (D:1)
  A quokka (D:1)
  3 ball pythons (D:1)
  2 bats (D:1)
  A frilled lizard (D:1)
  2 rats (D:1)
15 creatures vanquished.

Notes
Turn   | Place    | Note
-------+----------+-------------------------------------------
     0 | D:1      | Barneous the Human Wanderer began the quest for the Orb.
     0 | D:1      | Barneous set off with the following items: a +0 club, a
                  | potion of attraction, a potion of heal wounds, a +0 leather
                  | armour, 2 scrolls of blinking; and the following spell
                  | memorised: Shock; and the following spells available to
                  | memorise: Dazzling Flash.
     0 | D:1      | Reached XP level 1. HP: 16/16 MP: 2/2
   235 | D:1      | Reached XP level 2. HP: 22/22 MP: 0/3
   660 | D:1      | Slain by a hobgoblin

Illustrated notes

Levels and vault maps discovered:
D:1:      minmay_arrival_four_houses, layout_basic, serial_shops,
          nicolae_shop_bloodbath_and_beyond, minmay_misc_feat_secret_circle,
          dk_noncrumbling_4

Action                   || total
-------------------------++-------
Melee: Club              ||     5
       Dagger            ||    48
       Punch             ||     2
 Cast: Shock             ||    19
  Use: Scroll            ||     2
Armor: Leather armour    ||    17
Dodge: Dodged            ||    28
